 Dungeon Crawl Stone Soup version 0.29.0-4-gdea44cf6ec (webtiles) character file.

Game seed: 10229607834738856461

59945 qw the Brawler (level 14, -5/135 HPs)
             Began as a Troll Cinder Acolyte on Aug 31, 2022.
             Was an Elder of Okawaru.
             Slain by a red ugly thing (12 damage)
             ... summoned by a boggart
             ... on level 14 of the Dungeon.
             The game lasted 00:10:11 (17587 turns).

qw the Brawler (Troll Cinder Acolyte)              Turns: 17587, Time: 00:10:12

Health: -5/135     AC: 19    Str: 38    XL:     14   Next: 55%
Magic:  0/16       EV: 13    Int: 16    God:    Okawaru [****..]
Gold:   1431       SH: 12    Dex:  6    Spells: 15/15 levels left

rFire   . . .      SeeInvis .     - Unarmed
rCold   x . .      Faith    .   n - +0 kite shield
rNeg    . . .      Spirit   +   k - +3 fire dragon scales
rPois   +          Reflect  .   d - +0 hat "Ryklyfytso" {Str+3 Int+4 Dex-4}
rElec   +          Harm     .   e - +2 cloak {rPois}
rCorr   .          Rampage  .   (gloves unavailable)
Will    .....                   (boots unavailable)
Stlth   +.........              q - amulet "Urageiruno" {Spirit Will- Int+2 Dex+3 Slay+6}
HPRegen 1.12/turn               a - ring of Kurra {Wiz rElec Str+6 Dex+2}
MPRegen 0.15/turn               b - +4 ring of evasion

@: about to teleport, heroic, fire susceptible
A: large, unfitting armour, claws 3, regeneration 1, shaggy fur 1, tough skin 1
a: Renounce Religion, Heroism, Finesse


You were on level 14 of the Dungeon.
You worshipped Okawaru.
Okawaru was greatly pleased with you.
You visited 3 branches of the dungeon, and saw 20 of its levels.

You collected 1742 gold pieces.
You spent 311 gold pieces at shops.


Innate Abilities, Weirdness & Mutations

You are too large for most types of armour.
You have claws for hands.
Your natural rate of healing is unusually fast.
You are covered in fur. (AC +1)
You have tough skin. (AC +1)


   Skills:
 + Level 7.7(12.7) Fighting
 - Level 7.0(12.0) Throwing
 - Level 4.0(9.0) Armour
 - Level 2.3(7.3) Dodging
 - Level 11.6(16.6) Shields
 - Level 18.0(23.0) Unarmed Combat
 - Level 1.0 Spellcasting
 - Level 2.1 Fire Magic
 + Level 5.2 Invocations


You had 15 spell levels left.
You didn't know any spells.
Your spell library contained the following spells:

 Spells                   Type           Power      Damage    Failure   Level
 Scorch                   Fire           14%        2d6       16%         2

Inventory:

Missiles
 g - 14 large rocks (quivered)
 p - a boomerang
Armour
 d - the +0 hat "Ryklyfytso" (worn) {Str+3 Int+4 Dex-4}
   (You acquired it on level 5 of the Dungeon)

   Str:       It affects your strength (+3).
   Int:       It affects your intelligence (+4).
   Dex:       It affects your dexterity (-4).
 e - a +2 cloak of poison resistance (worn)
 k - +3 fire dragon scales (worn)
 n - a +0 kite shield (worn)
Jewellery
 a - the ring of Kurra (left claw) {Wiz rElec Str+6 Dex+2}
   (You acquired it on level 10 of the Dungeon)

   [ring of wizardry]

   It improves your spell success rate.
   Str:       It affects your strength (+6).
   Dex:       It affects your dexterity (+2).
   rElec:     It insulates you from electricity.
 b - a +4 ring of evasion (right claw)
 q - the amulet "Urageiruno" (around neck) {Spirit Will- Int+2 Dex+3 Slay+6}
   (You found it on level 8 of the Dungeon)

   [amulet of guardian spirit]

   It causes incoming damage to be divided between your reserves of health and
   magic.
   Int:       It affects your intelligence (+2).
   Dex:       It affects your dexterity (+3).
   Slay:      It affects your accuracy & damage with ranged weapons and melee
   (+6).
   Will:      It decreases your willpower.
 r - a ring of fire
 s - an amulet of reflection
Scrolls
 c - 11 scrolls of identify
 f - 9 scrolls of enchant weapon
 h - 2 scrolls of brand weapon
 o - 4 scrolls of teleportation
Potions
 i - a potion of might
 j - 2 potions of curing
 l - 2 potions of mutation
 m - a potion of haste
 t - a potion of resistance
 v - 2 potions of heal wounds

Dungeon Overview and Level Annotations

Branches:
Dungeon (14/15)            Temple (1/1) D:6            Lair (5/5) D:9
  Swamp (0/4) Lair:3        Snake (0/4) Lair:2        Slime (0/5) Lair:5
    Orc (0/2) D:12         Vaults (0/5) D:14

Altars:
Ashenzari
Cheibriados
Dithmenos
Elyvilon
Fedhas
Gozag
Hepliaklqana
Kikubaaqudgha
Makhleb
Nemelex Xobeh
Okawaru
Qazlal
Ru
Sif Muna
Trog
Uskayaw
Vehumet
Wu Jian
Xom
Yredelemnul
Zin
The Shining One
Jiyva

Shops:
D:6 (   D:12 ?=

Portals:
Trove: D:14 (give 17 scrolls of teleportation)

Annotations:
D:7 2 transporters, qw's ghost, novice TeWr


Message History

The boggart casts a spell.
The boggart flickers and vanishes!
Deactivating autopickup; reactivate with Ctrl-A.
The howler monkey hoots and howls with incredible vigour!
The skeletal warrior barely misses you.
You hear a horrible gurgling sound!
You hear a bellow!
You hear a horrible gurgling sound!
You hear an angry buzzing noise.
You mangle the skeletal warrior!!
The skeletal warrior is severely damaged.
You block the skeletal warrior's attack.
You eviscerate the skeletal warrior!!!
You destroy the skeletal warrior!
The skeletal warrior dissolves into shadows!
You mangle the vampire mosquito!!
You destroy the vampire mosquito!
The vampire mosquito's corpse dissolves into shadows!
You block the skeletal warrior's attack.
You mangle the skeletal warrior!!
The skeletal warrior is severely damaged.
You block something's attack.
The boggart mumbles some strange words.
The boggart flickers and vanishes!
The skeletal warrior hits you with a +0 long sword!
You eviscerate the skeletal warrior!!!!
You destroy the skeletal warrior!
The skeletal warrior dissolves into shadows!
You hear some strange, mumbled words.
You barely miss the red ugly thing. Something hits you but does no damage.
You closely miss the red ugly thing.
You hear some strange, mumbled words.
The red ugly thing tail-slaps you!
You are engulfed in flames!
The red ugly thing basks in the mutagenic energy from its kin and changes!
You block the red ugly thing's attack.
17587 ||| READING 5 scrolls of teleportation.
As you read the scroll of teleportation, it crumbles to dust.
You feel strangely unstable.
You hear some strange, mumbled words.
The red ugly thing pecks you!
You are engulfed in flames!
You die...

#..........
#..........
#..........
#..........
+.y..(.....
#....>.....
#.hz{......
#u# #@##
#uu## ##u.#
##u#
###u########
#..........#
#..........#
+..)...?...#
#..........#


You could see 6 ugly things, a skeletal warrior (summoned), a meliai (summoned)
and a howler monkey (summoned).

Vanquished Creatures
  Josephine (Lair:4)
  A fire dragon (Lair:4)
  2 hydras
  Harold (D:9)
  5 two-headed ogres
  2 boulder beetles
  An ogre mage (D:14)
  4 death yaks (Lair:5)
  Sonja (D:10)
  A lindwurm (Lair:5)
  A deep elf pyromancer (D:12)
  3 oklob plants
  11 ugly things
  A manticore (D:14)
  A salamander (shapeshifter) (D:13)
  5 cyclopes
  4 elephants (Lair:4)
  A black mamba (Lair:3)
  Maurice (D:9)
  Maggie (D:10)
  10 cane toads
  A komodo dragon (shapeshifter) (D:14)
  3 gargoyles
  13 rime drakes
  2 unseen horrors
  9 komodo dragons
  5 kobold demonologists (D:12)
  An efreet (D:14)
  A queen bee (Lair:2)
  3 meliai (D:12)
  2 hornets
  7 trolls
  A tyrant leech (Lair:3)
  Prince Ribbit (D:5)
  2 polar bears
  5 slime creatures (D:13)
  5 blink frogs (Lair:4)
  12 dream sheep
  4 wraiths (Lair:4)
  A spriggan (shapeshifter) (D:13)
  2 vampires
  A shadow (D:10)
  10 wyverns
  17 fire elementals
  7 steam dragons (Lair:4)
  31 yaks
  6 vampire mosquitoes
  8 basilisks
  A swamp worm (Lair:3)
  2 acid dragons (D:10)
  3 nagas (Lair:2)
  5 hell hounds (D:14)
  11 water moccasins
  10 orc warriors
  A black bear (D:7)
  An ice beast (D:5)
  A boggart (D:14)
  2 centaurs
  7 wolves
  A kobold brigand (D:7)
  2 phantoms
  12 bullfrogs
  6 scorpions
  13 wights
  25 killer bees (Lair:2)
  2 howler monkeys
  5 electric eels
  6 orc priests
  3 hounds
  3 jellies
  7 hell rats (D:14)
  Terence (D:3)
  2 iguanas
  22 orc wizards
  4 gnolls (D:7)
  3 adders
  5 white imps
  3 ufetubi
  2 dart slugs
  48 orcs
  6 ball pythons
  7 bats
  4 endoplasms
  2 giant cockroaches
  11 goblins
  4 hobgoblins
  4 jackals
  11 kobolds
  3 quokkas (D:1)
  2 frilled lizards
  8 rats
499 creatures vanquished.

Vanquished Creatures (others)
  2 boggarts (D:14)
  13 fungi
  25 plants
40 creatures vanquished.

Grand Total: 539 creatures vanquished

Notes
Turn   | Place    | Note
-------+----------+-------------------------------------------
     0 | D:1      | qw the Troll Cinder Acolyte began the quest for the Orb.
     0 | D:1      | Reached XP level 1. HP: 22/22 MP: 1/1
     0 | D:1      | 0 ||| qw: Version: 0.1-a-97-g2dd2ca4
     0 | D:1      | 0 ||| qw: Game counter: 4609
     0 | D:1      | 0 ||| qw: Always use a shield: true
     0 | D:1      | 0 ||| qw: God list: Okawaru
     0 | D:1      | 0 ||| qw: Allow faded altars: false
     0 | D:1      | 0 ||| qw: Do Orc after D:15 true
     0 | D:1      | 0 ||| qw: Do second Lair branch before Depths: true
     0 | D:1      | 0 ||| qw: Lair rune preference: random
     0 | D:1      | 0 ||| qw: Plans: Normal
     0 | D:1      | 0 ||| PLANNING D:1-11
    75 | D:1      | 75 ||| Stepping ~*~*~tactically~*~*~ (outnumbered).
    76 | D:1      | 76 ||| Stepping ~*~*~tactically~*~*~ (outnumbered).
    77 | D:1      | 77 ||| Stepping ~*~*~tactically~*~*~ (outnumbered).
    78 | D:1      | 78 ||| Stepping ~*~*~tactically~*~*~ (outnumbered).
    79 | D:1      | 79 ||| Stepping ~*~*~tactically~*~*~ (outnumbered).
    80 | D:1      | 80 ||| Stepping ~*~*~tactically~*~*~ (outnumbered).
    81 | D:1      | 81 ||| Stepping ~*~*~tactically~*~*~ (outnumbered).
    82 | D:1      | 82 ||| Stepping ~*~*~tactically~*~*~ (outnumbered).
    83 | D:1      | 83 ||| Stepping ~*~*~tactically~*~*~ (outnumbered).
   164 | D:1      | Reached XP level 2. HP: 29/29 MP: 2/2
   365 | D:1      | Reached skill level 4 in Unarmed Combat
   541 | D:1      | Reached XP level 3. HP: 36/36 MP: 3/3
   572 | D:1      | Found a faded altar of an unknown god.
   702 | D:1      | 702 ||| UPGRADING to amulet of the acrobat.
   707 | D:1      | 707 ||| UPGRADING to ring of protection from cold.
   708 | D:1      | 708 ||| READING 3 scrolls labelled AKKEYXZONEWY.
   709 | D:1      | 709 ||| READING scroll labelled VYSYRE SOUHUED.
   710 | D:1      | 710 ||| READING scroll labelled YCREPNEQAI.
   711 | D:1      | 711 ||| READING 2 scrolls labelled ANACSY MIREYSCHAWIM.
   712 | D:1      | 712 ||| READING scroll labelled ZOXIOTIUQA.
   713 | D:1      | 713 ||| DRINKING 2 fizzy golden potions.
   743 | D:1      | 743 ||| READING 2 scrolls of identify.
   743 | D:1      | 743 ||| IDENTIFYING smoky green potion
   744 | D:1      | 744 ||| DROPPING scroll of fear.
   745 | D:1      | 745 ||| DROPPING potion of ambrosia.
   746 | D:1      | 746 ||| DROPPING potion of lignification.
  1051 | D:2      | 1051 ||| Stepping ~*~*~tactically~*~*~ (stealth).
  1052 | D:2      | 1052 ||| Stepping ~*~*~tactically~*~*~ (stealth).
  1053 | D:2      | 1053 ||| Stepping ~*~*~tactically~*~*~ (stealth).
  1054 | D:2      | 1054 ||| Stepping ~*~*~tactically~*~*~ (stealth).
  1055 | D:2      | 1055 ||| Stepping ~*~*~tactically~*~*~ (stealth).
  1404 | D:2      | 1404 ||| DROPPING scarf of shadows.
  1405 | D:2      | 1405 ||| READING scroll labelled WABESTRUEFF.
  1406 | D:2      | 1406 ||| READING scroll labelled OSOULA VIGGO.
  1425 | D:2      | 1425 ||| READING scroll labelled KOSIHA KOUMP.
  1526 | D:2      | 1526 ||| READING 2 scrolls of identify.
  1526 | D:2      | 1526 ||| IDENTIFYING fuming ruby potion
  1527 | D:2      | 1527 ||| DROPPING potion of flight.
  1611 | D:3      | 1611 ||| Stepping ~*~*~tactically~*~*~ (stealth).
  1620 | D:3      | 1620 ||| Stepping ~*~*~tactically~*~*~ (stealth).
  1624 | D:3      | 1624 ||| Stepping ~*~*~tactically~*~*~ (stealth).
  1634 | D:3      | Reached skill level 5 in Unarmed Combat
  1634 | D:3      | Reached XP level 4. HP: 29/44 MP: 4/4
  2034 | D:3      | Noticed a phantom
  2049 | D:3      | Killed a phantom
  2050 | D:3      | Reached skill level 6 in Unarmed Combat
  2050 | D:3      | Reached XP level 5. HP: 47/50 MP: 5/5
  2055 | D:3      | Identified the +7 hand axe "Xiofuq" {spect, Fragile rPois
                  | rN++ Dex-2}
  2082 | D:3      | Noticed Terence
  2093 | D:3      | Killed Terence
  2433 | D:3      | 2433 ||| UPGRADING to +1 cloak.
  2438 | D:3      | 2438 ||| READING scroll labelled FERUIS DUFENWA.
  2441 | D:3      | 2441 ||| READING scroll labelled RELANUSEUD.
  2442 | D:3      | 2442 ||| DRINKING 2 glowing red potions.
  2443 | D:3      | 2443 ||| READING 2 scrolls of identify.
  2443 | D:3      | 2443 ||| IDENTIFYING clear potion
  2444 | D:3      | 2444 ||| DROPPING potion of degeneration.
  2456 | D:4      | 2456 ||| STAIRDANCE
  2510 | D:4      | Reached XP level 6. HP: 59/59 MP: 6/6
  2518 | D:4      | 2518 ||| Stepping ~*~*~tactically~*~*~ (stealth).
  2538 | D:4      | 2538 ||| DRINKING potion of curing.
  2538 | D:4      | 2538 ||| (to cure confusion)
  2540 | D:4      | 2540 ||| FLEEEEING.
  2542 | D:4      | Reached skill level 7 in Unarmed Combat
  2552 | D:4      | 2552 ||| Stepping ~*~*~tactically~*~*~ (stealth).
  2553 | D:4      | 2553 ||| Stepping ~*~*~tactically~*~*~ (stealth).
  2972 | D:4      | Identified the +1 cloak of Inquiry {Rampage rPois MP+9
                  | Dex+2}
  3003 | D:4      | 3003 ||| Stepping ~*~*~tactically~*~*~ (stealth).
  3004 | D:4      | 3004 ||| Stepping ~*~*~tactically~*~*~ (stealth).
  3247 | D:4      | 3247 ||| UPGRADING to +1 cloak of Inquiry {Rampage rPois
                  | MP+9 Dex+2}.
  3257 | D:4      | 3257 ||| DROPPING +1 cloak.
  3322 | D:4      | 3322 ||| READING 2 scrolls labelled EGOUHO PUDAR.
  3323 | D:4      | 3323 ||| READING scroll labelled HADOL NELESA.
  3323 | D:4      | Identified a scroll of acquirement
  3323 | D:4      | 3323 ||| ACQUIRING +4 ring of evasion
  3323 | D:4      | Acquired a +4 ring of evasion
  3325 | D:4      | 3325 ||| UPGRADING to +4 ring of evasion.
  3326 | D:4      | 3326 ||| DRINKING 2 lumpy silvery potions.
  3327 | D:4      | 3327 ||| DROPPING potion of invisibility.
  3328 | D:4      | 3328 ||| DROPPING scroll of amnesia.
  3357 | D:5      | Entered Level 5 of the Dungeon
  3394 | D:5      | Reached skill level 1 in Dodging
  3394 | D:5      | Reached XP level 7. HP: 66/66 MP: 7/7
  3473 | D:5      | 3473 ||| READING scroll of acquirement.
  3473 | D:5      | 3473 ||| ACQUIRING +0 hat "Ryklyfytso" {Str+3 Int+4 Dex-4}
  3473 | D:5      | Acquired the +0 hat "Ryklyfytso" {Str+3 Int+4 Dex-4}
  3482 | D:5      | Reached skill level 8 in Unarmed Combat
  3617 | D:5      | 3617 ||| Stepping ~*~*~tactically~*~*~ (hiding).
  3621 | D:5      | 3621 ||| Stepping ~*~*~tactically~*~*~ (hiding).
  3623 | D:5      | Reached skill level 3 in Fighting
  3762 | D:5      | Found a stormy altar of Qazlal.
  3917 | D:5      | Noticed a troll
  3923 | D:5      | 3923 ||| Stepping ~*~*~tactically~*~*~ (outnumbered).
  3924 | D:5      | 3924 ||| Stepping ~*~*~tactically~*~*~ (outnumbered).
  3925 | D:5      | 3925 ||| Stepping ~*~*~tactically~*~*~ (outnumbered).
  3926 | D:5      | 3926 ||| Stepping ~*~*~tactically~*~*~ (outnumbered).
  3933 | D:5      | 3933 ||| INVOKING Fiery Armour.
  3936 | D:5      | Killed a troll
  3937 | D:5      | Reached skill level 9 in Unarmed Combat
  3937 | D:5      | Reached XP level 8. HP: 20/75 MP: 8/8
  4004 | D:5      | Noticed Prince Ribbit
  4029 | D:5      | Killed Prince Ribbit
  4130 | D:5      | 4130 ||| UPGRADING to +1 robe of fire resistance.
  4140 | D:5      | 4140 ||| DROPPING +0 robe.
  4141 | D:5      | 4141 ||| READING scroll labelled ERPHEXKOATAN.
  4142 | D:5      | 4142 ||| READING 2 scrolls of identify.
  4142 | D:5      | 4142 ||| IDENTIFYING coppery potion
  4183 | D:6      | Found a staircase to the Ecumenical Temple.
  4197 | D:6      | Reached skill level 10 in Unarmed Combat
  4405 | D:6      | 4405 ||| Stepping ~*~*~tactically~*~*~ (outnumbered).
  4406 | D:6      | 4406 ||| Stepping ~*~*~tactically~*~*~ (outnumbered).
  4407 | D:6      | 4407 ||| Stepping ~*~*~tactically~*~*~ (outnumbered).
  4408 | D:6      | 4408 ||| Stepping ~*~*~tactically~*~*~ (outnumbered).
  4412 | D:6      | 4412 ||| Stepping ~*~*~tactically~*~*~ (outnumbered).
  4413 | D:6      | 4413 ||| Stepping ~*~*~tactically~*~*~ (outnumbered).
  4449 | D:6      | 4449 ||| Stepping ~*~*~tactically~*~*~ (outnumbered).
  4450 | D:6      | 4450 ||| Stepping ~*~*~tactically~*~*~ (outnumbered).
  4451 | D:6      | 4451 ||| Stepping ~*~*~tactically~*~*~ (outnumbered).
  4455 | D:6      | 4455 ||| INVOKING Fiery Armour.
  4591 | D:6      | Found Cile's Weapon Boutique.
  4714 | D:6      | 4714 ||| UPGRADING to +0 kite shield.
  4719 | D:6      | 4719 ||| READING scroll labelled ROMIVUFEMIN.
  4755 | D:7      | 4755 ||| Stepping ~*~*~tactically~*~*~ (stealth).
  4756 | D:7      | 4756 ||| Stepping ~*~*~tactically~*~*~ (stealth).
  4757 | D:7      | 4757 ||| Stepping ~*~*~tactically~*~*~ (stealth).
  4758 | D:7      | 4758 ||| Stepping ~*~*~tactically~*~*~ (stealth).
  4763 | D:7      | 4763 ||| INVOKING Fiery Armour.
  4763 | D:7      | Noticed a hornet
  4764 | D:7      | 4764 ||| Stepping ~*~*~tactically~*~*~ (outnumbered).
  4765 | D:7      | 4765 ||| Stepping ~*~*~tactically~*~*~ (outnumbered).
  4766 | D:7      | 4766 ||| Stepping ~*~*~tactically~*~*~ (outnumbered).
  4767 | D:7      | 4767 ||| Stepping ~*~*~tactically~*~*~ (outnumbered).
  4768 | D:7      | 4768 ||| Stepping ~*~*~tactically~*~*~ (outnumbered).
  4771 | D:7      | Reached skill level 1 in Shields
  4779 | D:7      | HP: 15/78 [hornet (9)]
  4780 | D:7      | Killed a hornet
  4781 | D:7      | Reached skill level 3 in Shields
  4781 | D:7      | Reached XP level 9. HP: 14/84 MP: 9/9
  4784 | D:7      | HP: 8/84 [poisoned by a hornet]
  4995 | D:7      | Found a transporter.
  5000 | D:7      | Found a transporter.
  5016 | D:7      | Noticed qw's ghost (novice TeWr)
  5024 | D:7      | 5024 ||| INVOKING Fiery Armour.
  5027 | D:7      | 5027 ||| Stepping ~*~*~tactically~*~*~ (outnumbered).
  5029 | D:7      | 5029 ||| Stepping ~*~*~tactically~*~*~ (outnumbered).
  5030 | D:7      | 5030 ||| Stepping ~*~*~tactically~*~*~ (outnumbered).
  5032 | D:7      | 5032 ||| Stepping ~*~*~tactically~*~*~ (outnumbered).
  5082 | D:7      | 5082 ||| Stepping ~*~*~tactically~*~*~ (hiding).
  5135 | D:7      | 5135 ||| Stepping ~*~*~tactically~*~*~ (stealth).
  5137 | D:7      | 5137 ||| Stepping ~*~*~tactically~*~*~ (hiding).
  5153 | D:7      | 5153 ||| Stepping ~*~*~tactically~*~*~ (outnumbered).
  5155 | D:7      | 5155 ||| Stepping ~*~*~tactically~*~*~ (outnumbered).
  5441 | D:7      | 5441 ||| Stepping ~*~*~tactically~*~*~ (hiding).
  5443 | D:7      | 5443 ||| Stepping ~*~*~tactically~*~*~ (hiding).
  5683 | D:7      | 5683 ||| READING 2 scrolls of identify.
  5683 | D:7      | 5683 ||| IDENTIFYING orange potion
  5684 | D:7      | 5684 ||| DROPPING potion of attraction.
  5779 | D:8      | Found a bloodstained altar of Trog.
  5975 | D:8      | Found a flagged portal.
  5975 | D:8      | Noticed a two-headed ogre
  5977 | D:8      | 5977 ||| INVOKING Fiery Armour.
  5979 | D:8      | 5979 ||| Stepping ~*~*~tactically~*~*~ (outnumbered).
  5983 | D:8      | 5983 ||| Stepping ~*~*~tactically~*~*~ (outnumbered).
  5984 | D:8      | 5984 ||| Stepping ~*~*~tactically~*~*~ (outnumbered).
  5986 | D:8      | 5986 ||| Stepping ~*~*~tactically~*~*~ (outnumbered).
  5991 | D:8      | Killed a two-headed ogre
  5992 | D:8      | Reached skill level 6 in Shields
  6007 | D:8      | 6007 ||| DRINKING potion of curing.
  6007 | D:8      | 6007 ||| (to cure confusion)
  6096 | D:8      | 6096 ||| Stepping ~*~*~tactically~*~*~ (hiding).
  6226 | D:8      | Identified the amulet "Urageiruno" {Spirit Will- Int+2
                  | Dex+3 Slay+6}
  6261 | D:8      | Reached XP level 10. HP: 80/92 MP: 10/10
  6261 | D:8      | 6261 ||| FLEEEEING.
  6262 | D:8      | 6262 ||| FLEEEEING.
  6263 | D:8      | 6263 ||| FLEEEEING.
  6400 | D:8      | 6400 ||| Stepping ~*~*~tactically~*~*~ (outnumbered).
  6401 | D:8      | 6401 ||| Stepping ~*~*~tactically~*~*~ (outnumbered).
  6402 | D:8      | 6402 ||| Stepping ~*~*~tactically~*~*~ (outnumbered).
  6403 | D:8      | 6403 ||| Stepping ~*~*~tactically~*~*~ (outnumbered).
  6404 | D:8      | 6404 ||| STAIRDANCE
  6416 | D:7      | 6416 ||| UPGRADING to amulet "Urageiruno" {Spirit Will-
                  | Int+2 Dex+3 Slay+6}.
  6426 | D:7      | 6426 ||| UPGRADING to +0 hat "Ryklyfytso" {Str+3 Int+4
                  | Dex-4}.
  6431 | D:7      | 6431 ||| DROPPING amulet of the acrobat.
  6432 | D:7      | 6432 ||| READING scroll labelled DEJIGO GOELIWK.
  6433 | D:7      | 6433 ||| READING 2 scrolls of identify.
  6433 | D:7      | 6433 ||| IDENTIFYING murky purple potion
  6434 | D:7      | 6434 ||| DROPPING potion of berserk rage.
  6720 | D:9      | Found a burning altar of Makhleb.
  6725 | D:9      | 6725 ||| Stepping ~*~*~tactically~*~*~ (stealth).
  6750 | D:9      | Noticed Maurice
  6760 | D:9      | Reached skill level 11 in Unarmed Combat
  6769 | D:9      | Killed Maurice
  6882 | D:9      | Noticed a two-headed ogre
  6888 | D:9      | Killed a two-headed ogre
  6889 | D:9      | Reached skill level 9 in Shields
  6915 | D:9      | 6915 ||| Stepping ~*~*~tactically~*~*~ (outnumbered).
  6916 | D:9      | 6916 ||| Stepping ~*~*~tactically~*~*~ (outnumbered).
  6917 | D:9      | 6917 ||| Stepping ~*~*~tactically~*~*~ (outnumbered).
  6918 | D:9      | 6918 ||| Stepping ~*~*~tactically~*~*~ (outnumbered).
  6919 | D:9      | 6919 ||| Stepping ~*~*~tactically~*~*~ (outnumbered).
  6920 | D:9      | 6920 ||| Stepping ~*~*~tactically~*~*~ (outnumbered).
  6921 | D:9      | 6921 ||| Stepping ~*~*~tactically~*~*~ (outnumbered).
  6922 | D:9      | 6922 ||| Stepping ~*~*~tactically~*~*~ (outnumbered).
  7057 | D:9      | 7057 ||| Stepping ~*~*~tactically~*~*~ (stealth).
  7082 | D:9      | 7082 ||| Stepping ~*~*~tactically~*~*~ (outnumbered).
  7083 | D:9      | 7083 ||| Stepping ~*~*~tactically~*~*~ (outnumbered).
  7084 | D:9      | 7084 ||| Stepping ~*~*~tactically~*~*~ (outnumbered).
  7085 | D:9      | 7085 ||| Stepping ~*~*~tactically~*~*~ (outnumbered).
  7086 | D:9      | 7086 ||| Stepping ~*~*~tactically~*~*~ (outnumbered).
  7087 | D:9      | 7087 ||| Stepping ~*~*~tactically~*~*~ (outnumbered).
  7088 | D:9      | 7088 ||| Stepping ~*~*~tactically~*~*~ (outnumbered).
  7089 | D:9      | 7089 ||| Stepping ~*~*~tactically~*~*~ (outnumbered).
  7091 | D:9      | 7091 ||| Stepping ~*~*~tactically~*~*~ (outnumbered).
  7092 | D:9      | 7092 ||| Stepping ~*~*~tactically~*~*~ (outnumbered).
  7095 | D:9      | 7095 ||| Stepping ~*~*~tactically~*~*~ (outnumbered).
  7096 | D:9      | 7096 ||| Stepping ~*~*~tactically~*~*~ (outnumbered).
  7097 | D:9      | 7097 ||| Stepping ~*~*~tactically~*~*~ (outnumbered).
  7098 | D:9      | 7098 ||| Stepping ~*~*~tactically~*~*~ (outnumbered).
  7099 | D:9      | 7099 ||| Stepping ~*~*~tactically~*~*~ (outnumbered).
  7100 | D:9      | 7100 ||| Stepping ~*~*~tactically~*~*~ (outnumbered).
  7101 | D:9      | 7101 ||| Stepping ~*~*~tactically~*~*~ (outnumbered).
  7103 | D:9      | 7103 ||| Stepping ~*~*~tactically~*~*~ (outnumbered).
  7109 | D:9      | 7109 ||| FLEEEEING.
  7110 | D:9      | 7110 ||| FLEEEEING.
  7111 | D:9      | 7111 ||| FLEEEEING.
  7112 | D:9      | 7112 ||| FLEEEEING.
  7113 | D:9      | 7113 ||| FLEEEEING.
  7114 | D:9      | 7114 ||| FLEEEEING.
  7115 | D:9      | 7115 ||| FLEEEEING.
  7194 | D:9      | Noticed a two-headed ogre
  7195 | D:9      | 7195 ||| INVOKING Fiery Armour.
  7197 | D:9      | Reached skill level 12 in Unarmed Combat
  7203 | D:9      | Killed a two-headed ogre
  7248 | D:9      | 7248 ||| Stepping ~*~*~tactically~*~*~ (outnumbered).
  7251 | D:9      | 7251 ||| Stepping ~*~*~tactically~*~*~ (outnumbered).
  7252 | D:9      | 7252 ||| Stepping ~*~*~tactically~*~*~ (outnumbered).
  7253 | D:9      | 7253 ||| Stepping ~*~*~tactically~*~*~ (outnumbered).
  7254 | D:9      | 7254 ||| Stepping ~*~*~tactically~*~*~ (outnumbered).
  7256 | D:9      | 7256 ||| Stepping ~*~*~tactically~*~*~ (outnumbered).
  7257 | D:9      | 7257 ||| Stepping ~*~*~tactically~*~*~ (outnumbered).
  7258 | D:9      | 7258 ||| Stepping ~*~*~tactically~*~*~ (outnumbered).
  7343 | D:9      | Found a hide-covered altar of Uskayaw.
  7430 | D:9      | Noticed Harold
  7431 | D:9      | 7431 ||| Stepping ~*~*~tactically~*~*~ (hiding).
  7441 | D:9      | Killed Harold
  7442 | D:9      | Reached XP level 11. HP: 56/102 MP: 8/11
  7638 | D:9      | Found a staircase to the Lair.
  7958 | D:9      | 7958 ||| PLANNING LAIR
  7958 | D:9      | 7958 ||| UPGRADING to +0 troll leather armour.
  7968 | D:9      | 7968 ||| DRINKING 3 inky potions.
  7969 | D:9      | 7969 ||| READING 2 scrolls of identify.
  7969 | D:9      | 7969 ||| IDENTIFYING puce potion
  7970 | D:9      | 7970 ||| DROPPING 2 potions of brilliance.
  8016 | Lair:1   | Entered Level 1 of the Lair of Beasts
  8054 | Lair:1   | Reached skill level 1 in Armour
  8094 | Lair:1   | 8094 ||| Stepping ~*~*~tactically~*~*~ (stealth).
  8452 | Lair:1   | 8452 ||| Stepping ~*~*~tactically~*~*~ (outnumbered).
  8453 | Lair:1   | 8453 ||| Stepping ~*~*~tactically~*~*~ (outnumbered).
  8454 | Lair:1   | 8454 ||| Stepping ~*~*~tactically~*~*~ (outnumbered).
  8455 | Lair:1   | 8455 ||| Stepping ~*~*~tactically~*~*~ (outnumbered).
  8456 | Lair:1   | 8456 ||| Stepping ~*~*~tactically~*~*~ (outnumbered).
  8457 | Lair:1   | 8457 ||| Stepping ~*~*~tactically~*~*~ (outnumbered).
  8458 | Lair:1   | 8458 ||| Stepping ~*~*~tactically~*~*~ (outnumbered).
  8461 | Lair:1   | Reached skill level 3 in Throwing
  8902 | Lair:1   | 8902 ||| DROPPING ring of resist corrosion.
  8903 | Lair:1   | 8903 ||| UPGRADING to +4 ring of protection.
  8905 | Lair:1   | 8905 ||| DROPPING ring of protection from cold.
  8906 | Lair:1   | 8906 ||| DRINKING 2 lumpy orange potions.
  8907 | Lair:1   | 8907 ||| READING 5 scrolls of identify.
  8907 | Lair:1   | 8907 ||| IDENTIFYING viscous emerald potion
  8934 | Lair:2   | 8934 ||| Stepping ~*~*~tactically~*~*~ (stealth).
  8935 | Lair:2   | 8935 ||| Stepping ~*~*~tactically~*~*~ (outnumbered).
  8936 | Lair:2   | 8936 ||| Stepping ~*~*~tactically~*~*~ (outnumbered).
  8937 | Lair:2   | 8937 ||| Stepping ~*~*~tactically~*~*~ (outnumbered).
  8944 | Lair:2   | 8944 ||| Stepping ~*~*~tactically~*~*~ (outnumbered).
  9210 | Lair:2   | Found a radiant altar of Vehumet.
  9210 | Lair:2   | Noticed an oklob plant
  9211 | Lair:2   | 9211 ||| INVOKING Fiery Armour.
  9219 | Lair:2   | Killed an oklob plant
  9220 | Lair:2   | Reached skill level 13 in Unarmed Combat
  9332 | Lair:2   | 9332 ||| Stepping ~*~*~tactically~*~*~ (stealth).
  9342 | Lair:2   | 9342 ||| Stepping ~*~*~tactically~*~*~ (stealth).
  9346 | Lair:2   | 9346 ||| INVOKING Fiery Armour.
  9347 | Lair:2   | 9347 ||| Stepping ~*~*~tactically~*~*~ (outnumbered).
  9384 | Lair:2   | 9384 ||| Stepping ~*~*~tactically~*~*~ (stealth).
  9396 | Lair:2   | 9396 ||| Stepping ~*~*~tactically~*~*~ (stealth).
  9405 | Lair:2   | 9405 ||| Stepping ~*~*~tactically~*~*~ (outnumbered).
  9406 | Lair:2   | 9406 ||| Stepping ~*~*~tactically~*~*~ (outnumbered).
  9416 | Lair:2   | 9416 ||| Stepping ~*~*~tactically~*~*~ (stealth).
  9465 | Lair:2   | 9465 ||| Stepping ~*~*~tactically~*~*~ (stealth).
  9497 | Lair:2   | Found a staircase to the Snake Pit.
  9523 | Lair:2   | 9523 ||| Stepping ~*~*~tactically~*~*~ (stealth).
  9848 | Lair:2   | 9848 ||| DROPPING +2 cloak.
  9849 | Lair:2   | 9849 ||| DROPPING ring of ice.
  9850 | Lair:2   | 9850 ||| READING scroll labelled FEUGUQ GIFO.
  9865 | Lair:3   | Reached skill level 14 in Unarmed Combat
  9871 | Lair:3   | 9871 ||| STAIRDANCE
  9873 | Lair:2   | 9873 ||| Stepping ~*~*~tactically~*~*~ (outnumbered).
  9874 | Lair:2   | 9874 ||| Stepping ~*~*~tactically~*~*~ (outnumbered).
  9893 | Lair:3   | 9893 ||| STAIRDANCE
  9895 | Lair:2   | 9895 ||| Stepping ~*~*~tactically~*~*~ (outnumbered).
  9965 | Lair:3   | Reached XP level 12. HP: 113/113 MP: 12/12
  9969 | Lair:3   | 9969 ||| DRINKING 3 potions of cancellation.
  9970 | Lair:3   | 9970 ||| DRINKING 2 potions of cancellation.
 10050 | Lair:3   | Found a shimmering altar of Xom.
 10088 | Lair:3   | Reached skill level 6 in Fighting
 10110 | Lair:3   | 10110 ||| Stepping ~*~*~tactically~*~*~ (stealth).
 10147 | Lair:3   | 10147 ||| Stepping ~*~*~tactically~*~*~ (stealth).
 10214 | Lair:3   | Reached skill level 6 in Throwing
 10227 | Lair:3   | 10227 ||| Stepping ~*~*~tactically~*~*~ (hiding).
 10228 | Lair:3   | 10228 ||| Stepping ~*~*~tactically~*~*~ (hiding).
 10229 | Lair:3   | 10229 ||| Stepping ~*~*~tactically~*~*~ (hiding).
 10231 | Lair:3   | 10231 ||| Stepping ~*~*~tactically~*~*~ (hiding).
 10290 | Lair:3   | Found a staircase to the Swamp.
 10675 | Lair:3   | 10675 ||| DROPPING ring of positive energy.
 10714 | Lair:4   | 10714 ||| INVOKING Fiery Armour.
 10754 | Lair:4   | 10754 ||| Stepping ~*~*~tactically~*~*~ (outnumbered).
 10755 | Lair:4   | 10755 ||| Stepping ~*~*~tactically~*~*~ (outnumbered).
 10756 | Lair:4   | 10756 ||| Stepping ~*~*~tactically~*~*~ (outnumbered).
 10757 | Lair:4   | 10757 ||| Stepping ~*~*~tactically~*~*~ (outnumbered).
 10758 | Lair:4   | 10758 ||| Stepping ~*~*~tactically~*~*~ (outnumbered).
 10772 | Lair:4   | Reached skill level 15 in Unarmed Combat
 10871 | Lair:4   | Noticed a six-headed hydra
 10872 | Lair:4   | 10872 ||| INVOKING Fiery Armour.
 10877 | Lair:4   | Killed an eight-headed hydra
 10924 | Lair:4   | 10924 ||| Stepping ~*~*~tactically~*~*~ (stealth).
 10927 | Lair:4   | 10927 ||| Stepping ~*~*~tactically~*~*~ (stealth).
 10937 | Lair:4   | 10937 ||| Stepping ~*~*~tactically~*~*~ (outnumbered).
 10940 | Lair:4   | 10940 ||| Stepping ~*~*~tactically~*~*~ (outnumbered).
 10941 | Lair:4   | 10941 ||| Stepping ~*~*~tactically~*~*~ (outnumbered).
 10942 | Lair:4   | 10942 ||| Stepping ~*~*~tactically~*~*~ (outnumbered).
 10943 | Lair:4   | 10943 ||| Stepping ~*~*~tactically~*~*~ (outnumbered).
 10944 | Lair:4   | 10944 ||| Stepping ~*~*~tactically~*~*~ (outnumbered).
 10945 | Lair:4   | 10945 ||| Stepping ~*~*~tactically~*~*~ (outnumbered).
 10946 | Lair:4   | 10946 ||| STAIRDANCE
 11337 | Lair:4   | Noticed Josephine
 11338 | Lair:4   | 11338 ||| INVOKING Fiery Armour.
 11349 | Lair:4   | Killed Josephine
 11363 | Lair:4   | Reached XP level 13. HP: 120/120 MP: 13/13
 11381 | Lair:4   | Reached skill level 16 in Unarmed Combat
 11456 | Lair:4   | 11456 ||| Stepping ~*~*~tactically~*~*~ (stealth).
 11457 | Lair:4   | 11457 ||| Stepping ~*~*~tactically~*~*~ (stealth).
 11459 | Lair:4   | 11459 ||| Stepping ~*~*~tactically~*~*~ (hiding).
 11527 | Lair:4   | 11527 ||| Stepping ~*~*~tactically~*~*~ (stealth).
 11541 | Lair:4   | Noticed a fire dragon
 11542 | Lair:4   | 11542 ||| INVOKING Fiery Armour.
 11555 | Lair:4   | Killed a fire dragon
 11979 | Lair:4   | 11979 ||| UPGRADING to +0 fire dragon scales.
 11989 | Lair:4   | 11989 ||| DROPPING +1 robe of fire resistance.
 11990 | Lair:4   | 11990 ||| READING scroll of enchant armour.
 11990 | Lair:4   | 11990 ||| ENCHANTING +0 fire dragon scales.
 11991 | Lair:4   | 11991 ||| DROPPING +0 troll leather armour.
 12021 | Lair:5   | Entered Level 5 of the Lair of Beasts
 12026 | Lair:5   | 12026 ||| DRINKING potion of cancellation.
 12081 | Lair:5   | Reached skill level 3 in Armour
 12087 | Lair:5   | 12087 ||| READING scroll of enchant armour.
 12087 | Lair:5   | 12087 ||| ENCHANTING +1 fire dragon scales.
 12248 | Lair:5   | 12248 ||| INVOKING Fiery Armour.
 12258 | Lair:5   | 12258 ||| Stepping ~*~*~tactically~*~*~ (outnumbered).
 12392 | Lair:5   | 12392 ||| FLEEEEING.
 12393 | Lair:5   | 12393 ||| FLEEEEING.
 12394 | Lair:5   | 12394 ||| FLEEEEING.
 12396 | Lair:5   | 12396 ||| FLEEEEING.
 12459 | Lair:5   | 12459 ||| PLANNING TEMPLE
 12636 | Temple   | Entered the Ecumenical Temple
 12789 | Temple   | 12789 ||| PLANNING LAIR
 13115 | Lair:5   | Found a viscous altar of Jiyva.
 13116 | Lair:5   | Found a staircase to the Slime Pits.
 13406 | Lair:5   | 13406 ||| PLANNING D:1-11
 13406 | Lair:5   | 13406 ||| DROPPING ring of magical power.
 13537 | D:10     | Entered Level 10 of the Dungeon
 13541 | D:10     | 13541 ||| Stepping ~*~*~tactically~*~*~ (outnumbered).
 13542 | D:10     | 13542 ||| Stepping ~*~*~tactically~*~*~ (outnumbered).
 13597 | D:10     | 13597 ||| Stepping ~*~*~tactically~*~*~ (stealth).
 13612 | D:10     | 13612 ||| FLEEEEING.
 13613 | D:10     | 13613 ||| FLEEEEING.
 13614 | D:10     | 13614 ||| FLEEEEING.
 13615 | D:10     | 13615 ||| FLEEEEING.
 13641 | D:10     | Identified the +0 mace of the Omega Point {vorpal, rElec
                  | Str+3}
 13713 | D:10     | 13713 ||| Stepping ~*~*~tactically~*~*~ (stealth).
 13731 | D:10     | Found an iron altar of Okawaru.
 13732 | D:10     | 13732 ||| PLANNING CONVERSION TO OKAWARU
 13739 | D:10     | Fell from the grace of Ignis
 13739 | D:10     | Became a worshipper of Warmaster Okawaru
 13740 | D:10     | 13740 ||| PLANNING D:1-11
 13846 | D:10     | Noticed Sonja
 13848 | D:10     | Killed Sonja
 13851 | D:10     | You fall into a shaft and drop 1 floor!
 13862 | D:11     | Found a white marble altar of Elyvilon.
 13945 | D:11     | Reached * piety under Okawaru
 13977 | D:11     | 13977 ||| Stepping randomly (disturbance).
 13979 | D:11     | 13979 ||| Stepping randomly (disturbance).
 13980 | D:11     | 13980 ||| Stepping randomly (disturbance).
 14009 | D:11     | 14009 ||| DROPPING ring of flight.
 14061 | D:10     | Noticed Maggie
 14062 | D:10     | 14062 ||| Stepping ~*~*~tactically~*~*~ (hiding).
 14068 | D:10     | Killed Maggie
 14071 | D:10     | Reached skill level 1 in Invocations
 14092 | D:10     | 14092 ||| READING scroll of acquirement.
 14092 | D:10     | 14092 ||| ACQUIRING ring of Kurra {Wiz rElec Str+6 Dex+2}
 14092 | D:10     | Acquired the ring of Kurra {Wiz rElec Str+6 Dex+2}
 14094 | D:10     | 14094 ||| UPGRADING to ring of Kurra {Wiz rElec Str+6
                  | Dex+2}.
 14158 | D:10     | 14158 ||| FLEEEEING.
 14159 | D:10     | 14159 ||| FLEEEEING.
 14160 | D:10     | 14160 ||| FLEEEEING.
 14161 | D:10     | 14161 ||| FLEEEEING.
 14162 | D:10     | 14162 ||| FLEEEEING.
 14163 | D:10     | 14163 ||| FLEEEEING.
 14164 | D:10     | 14164 ||| FLEEEEING.
 14165 | D:10     | 14165 ||| FLEEEEING.
 14166 | D:10     | 14166 ||| FLEEEEING.
 14167 | D:10     | 14167 ||| FLEEEEING.
 14168 | D:10     | 14168 ||| FLEEEEING.
 14181 | D:10     | 14181 ||| DRINKING potion of curing.
 14181 | D:10     | 14181 ||| (to cure confusion)
 14185 | D:10     | 14185 ||| Stepping ~*~*~tactically~*~*~ (hiding).
 14196 | D:10     | 14196 ||| Stepping ~*~*~tactically~*~*~ (hiding).
 14210 | D:10     | 14210 ||| Stepping ~*~*~tactically~*~*~ (hiding).
 14385 | D:10     | 14385 ||| Stepping ~*~*~tactically~*~*~ (outnumbered).
 14405 | D:10     | 14405 ||| Stepping ~*~*~tactically~*~*~ (stealth).
 14406 | D:10     | 14406 ||| Stepping ~*~*~tactically~*~*~ (stealth).
 14482 | D:10     | 14482 ||| UPGRADING to +2 cloak of poison resistance.
 14492 | D:10     | 14492 ||| DROPPING +1 cloak of Inquiry {Rampage rPois MP+9
                  | Dex+2}.
 14493 | D:10     | 14493 ||| DROPPING +4 ring of protection.
 14575 | D:11     | 14575 ||| FLEEEEING.
 14576 | D:11     | 14576 ||| FLEEEEING.
 14577 | D:11     | 14577 ||| FLEEEEING.
 14578 | D:11     | 14578 ||| FLEEEEING.
 14580 | D:11     | 14580 ||| FLEEEEING.
 14581 | D:11     | 14581 ||| FLEEEEING.
 14582 | D:11     | 14582 ||| FLEEEEING.
 14583 | D:11     | 14583 ||| FLEEEEING.
 14588 | D:11     | 14588 ||| FLEEEEING.
 14808 | D:11     | 14808 ||| INVOKING Heroism.
 14814 | D:11     | 14814 ||| Stepping ~*~*~tactically~*~*~ (outnumbered).
 14820 | D:11     | 14820 ||| Stepping ~*~*~tactically~*~*~ (outnumbered).
 14821 | D:11     | 14821 ||| Stepping ~*~*~tactically~*~*~ (outnumbered).
 14822 | D:11     | 14822 ||| Stepping ~*~*~tactically~*~*~ (outnumbered).
 14823 | D:11     | 14823 ||| Stepping ~*~*~tactically~*~*~ (outnumbered).
 14824 | D:11     | 14824 ||| Stepping ~*~*~tactically~*~*~ (outnumbered).
 14825 | D:11     | 14825 ||| Stepping ~*~*~tactically~*~*~ (outnumbered).
 14826 | D:11     | 14826 ||| Stepping ~*~*~tactically~*~*~ (outnumbered).
 15011 | D:11     | 15011 ||| PLANNING D
 15026 | D:12     | Found Liehimap's Magic Scroll Shoppe.
 15038 | D:12     | 15038 ||| BUYING scroll of brand weapon (123 gold).
 15038 | D:12     | Bought a scroll of brand weapon for 123 gold pieces
 15038 | D:12     | 15038 ||| BUYING scroll of brand weapon (123 gold).
 15038 | D:12     | Bought a scroll of brand weapon for 123 gold pieces
 15038 | D:12     | 15038 ||| BUYING scroll of identify (26 gold).
 15038 | D:12     | Bought a scroll of identify for 26 gold pieces
 15038 | D:12     | 15038 ||| BUYING scroll of teleportation (39 gold).
 15038 | D:12     | Bought a scroll of teleportation for 39 gold pieces
 15042 | D:12     | 15042 ||| INVOKING Heroism.
 15125 | D:12     | Reached skill level 3 in Invocations
 15177 | D:12     | Reached ** piety under Okawaru
 15201 | D:12     | 15201 ||| Stepping ~*~*~tactically~*~*~ (stealth).
 15202 | D:12     | 15202 ||| Stepping ~*~*~tactically~*~*~ (stealth).
 15329 | D:12     | 15329 ||| Stepping ~*~*~tactically~*~*~ (hiding).
 15331 | D:12     | 15331 ||| INVOKING Heroism.
 15374 | D:12     | 15374 ||| Stepping ~*~*~tactically~*~*~ (stealth).
 15376 | D:12     | 15376 ||| INVOKING Heroism.
 15379 | D:12     | 15379 ||| Stepping ~*~*~tactically~*~*~ (hiding).
 15381 | D:12     | Reached skill level 17 in Unarmed Combat
 15443 | D:12     | 15443 ||| INVOKING Heroism.
 15559 | D:12     | Found Pedwool's Jewellery Boutique.
 15631 | D:12     | 15631 ||| INVOKING Heroism.
 15634 | D:12     | 15634 ||| Stepping ~*~*~tactically~*~*~ (outnumbered).
 15635 | D:12     | 15635 ||| Stepping ~*~*~tactically~*~*~ (outnumbered).
 15642 | D:12     | 15642 ||| Stepping ~*~*~tactically~*~*~ (outnumbered).
 15647 | D:12     | 15647 ||| Stepping ~*~*~tactically~*~*~ (outnumbered).
 15649 | D:12     | 15649 ||| Stepping ~*~*~tactically~*~*~ (outnumbered).
 15656 | D:12     | 15656 ||| Stepping ~*~*~tactically~*~*~ (outnumbered).
 15658 | D:12     | 15658 ||| Stepping ~*~*~tactically~*~*~ (outnumbered).
 15661 | D:12     | 15661 ||| Stepping ~*~*~tactically~*~*~ (outnumbered).
 15665 | D:12     | 15665 ||| INVOKING Heroism.
 15666 | D:12     | 15666 ||| Stepping ~*~*~tactically~*~*~ (outnumbered).
 15673 | D:12     | 15673 ||| Stepping ~*~*~tactically~*~*~ (outnumbered).
 15678 | D:12     | Reached XP level 14. HP: 106/133 MP: 12/16
 15680 | D:12     | 15680 ||| Stepping ~*~*~tactically~*~*~ (outnumbered).
 15682 | D:12     | 15682 ||| Stepping ~*~*~tactically~*~*~ (outnumbered).
 15685 | D:12     | 15685 ||| INVOKING Heroism.
 15695 | D:12     | 15695 ||| Stepping ~*~*~tactically~*~*~ (outnumbered).
 15700 | D:12     | 15700 ||| Stepping ~*~*~tactically~*~*~ (outnumbered).
 15814 | D:12     | 15814 ||| Invisible monster not found???
 15845 | D:12     | Found a staircase to the Orcish Mines.
 15976 | D:12     | 15976 ||| DROPPING ring of see invisible.
 15977 | D:12     | 15977 ||| READING 11 scrolls of identify.
 15977 | D:12     | 15977 ||| IDENTIFYING sedimented orange potion
 16055 | D:13     | 16055 ||| INVOKING Heroism.
 16062 | D:13     | 16062 ||| READING 7 scrolls of teleportation.
 16145 | D:13     | 16145 ||| Stepping ~*~*~tactically~*~*~ (outnumbered).
 16150 | D:13     | 16150 ||| INVOKING Heroism.
 16228 | D:13     | 16228 ||| READING scroll of enchant armour.
 16228 | D:13     | 16228 ||| ENCHANTING +2 fire dragon scales.
 16247 | D:13     | 16247 ||| INVOKING Heroism.
 16254 | D:13     | Reached *** piety under Okawaru
 16255 | D:13     | 16255 ||| Stepping ~*~*~tactically~*~*~ (outnumbered).
 16298 | D:13     | 16298 ||| Stepping ~*~*~tactically~*~*~ (outnumbered).
 16433 | D:13     | 16433 ||| INVOKING Heroism.
 16475 | D:13     | 16475 ||| INVOKING Heroism.
 16476 | D:13     | 16476 ||| READING 6 scrolls of teleportation.
 16480 | D:13     | 16480 ||| Stepping ~*~*~tactically~*~*~ (outnumbered).
 16481 | D:13     | 16481 ||| Stepping ~*~*~tactically~*~*~ (outnumbered).
 16580 | D:13     | 16580 ||| Stepping ~*~*~tactically~*~*~ (outnumbered).
 16788 | D:13     | 16788 ||| INVOKING Heroism.
 16795 | D:13     | 16795 ||| Stepping ~*~*~tactically~*~*~ (outnumbered).
 16796 | D:13     | 16796 ||| Stepping ~*~*~tactically~*~*~ (outnumbered).
 16797 | D:13     | 16797 ||| Stepping ~*~*~tactically~*~*~ (outnumbered).
 16798 | D:13     | 16798 ||| Stepping ~*~*~tactically~*~*~ (outnumbered).
 16957 | D:13     | 16957 ||| DROPPING amulet of guardian spirit.
 16978 | D:14     | 16978 ||| STAIRDANCE
 16986 | D:14     | 16986 ||| Stepping ~*~*~tactically~*~*~ (outnumbered).
 16987 | D:14     | 16987 ||| Stepping ~*~*~tactically~*~*~ (outnumbered).
 16988 | D:14     | 16988 ||| Stepping ~*~*~tactically~*~*~ (outnumbered).
 16989 | D:14     | 16989 ||| Stepping ~*~*~tactically~*~*~ (outnumbered).
 16990 | D:14     | 16990 ||| INVOKING Heroism.
 17000 | D:14     | Received a gift from Okawaru
 17065 | D:14     | 17065 ||| INVOKING Heroism.
 17084 | D:14     | Reached skill level 18 in Unarmed Combat
 17161 | D:14     | Found a gate to the Vaults.
 17165 | D:14     | 17165 ||| Stepping ~*~*~tactically~*~*~ (outnumbered).
 17166 | D:14     | 17166 ||| Stepping ~*~*~tactically~*~*~ (outnumbered).
 17168 | D:14     | 17168 ||| INVOKING Heroism.
 17169 | D:14     | 17169 ||| Stepping ~*~*~tactically~*~*~ (outnumbered).
 17170 | D:14     | Reached **** piety under Okawaru
 17177 | D:14     | HP: 27/133 [efreet/bolt of fire (18)]
 17178 | D:14     | 17178 ||| READING 6 scrolls of teleportation.
 17179 | D:14     | 17179 ||| DRINKING 3 potions of heal wounds.
 17314 | D:14     | Found a portal to a secret trove of treasure.
 17373 | D:14     | 17373 ||| INVOKING Heroism.
 17402 | D:14     | 17402 ||| INVOKING Heroism.
 17404 | D:14     | 17404 ||| Stepping ~*~*~tactically~*~*~ (outnumbered).
 17412 | D:14     | 17412 ||| Stepping ~*~*~tactically~*~*~ (outnumbered).
 17418 | D:14     | Received a gift from Okawaru
 17435 | D:14     | 17435 ||| INVOKING Heroism.
 17436 | D:14     | 17436 ||| Stepping ~*~*~tactically~*~*~ (outnumbered).
 17526 | D:14     | 17526 ||| Stepping ~*~*~tactically~*~*~ (stealth).
 17527 | D:14     | 17527 ||| INVOKING Heroism.
 17535 | D:14     | 17535 ||| Stepping ~*~*~tactically~*~*~ (outnumbered).
 17536 | D:14     | 17536 ||| Stepping ~*~*~tactically~*~*~ (outnumbered).
 17537 | D:14     | 17537 ||| Stepping ~*~*~tactically~*~*~ (outnumbered).
 17560 | D:14     | 17560 ||| Stepping ~*~*~tactically~*~*~ (outnumbered).
 17563 | D:14     | 17563 ||| INVOKING Heroism.
 17586 | D:14     | HP: 28/135 [red ugly thing[a boggart] (10)]
 17587 | D:14     | 17587 ||| READING 5 scrolls of teleportation.
 17587 | D:14     | HP: 7/135 [red ugly thing[a boggart] (8)]
 17587 | D:14     | Slain by a red ugly thing

Levels and vault maps discovered:
D:1:      dpeg_arrival_rooms_with_view, layout_basic,
          chequers_ecumenical_altar_island
D:2:      layout_basic, minmay_misc_feat_roman, columned_hall_lemuel,
          dreamdust_princess_bridge
D:3:      layout_basic, uniq_terence
D:4:      layout_cave_pods
D:5:      kennysheep_big_flooded_room, layout_gridville, general_overflow_altar,
          uniq_prince_ribbit1
D:6:      layout_cave_pools, temple_statues, serial_shops, kennysheep_little_box
D:7:      layout_basic, serial_curves, eino_curves_04, eino_curves_03,
          gammafunk_ghost_hive, grunt_ministairs_6
D:8:      layout_loops_ring, trog_three_pillars_becter, enter_bailey_1
D:9:      layout_layer_cave, mainiacjoe_overflow_small_starburst,
          mainiacjoe_overflow_boulevard, grunt_lair_entry_orc_guard_hut,
          uniq_maurice, uniq_harold
D:10:     layout_roguey, mainiacjoe_overflow_paths, uniq_maggie, uniq_sonja
D:11:     layout_gridville, elyvilon_altar_5
D:12:     layout_loops_cross, david_orc_4, serial_shops, shop, shop,
          minmay_misc_feat_more_columns
D:13:     layout_irregular_city
D:14:     layout_roguey [special_room_mythical_zoo], david_vaults_2,
          serial_rivers, chequers_serial_rivers_micro_b,
          chequers_serial_rivers_micro_c, chequers_serial_rivers_room_a,
          chequers_serial_rivers_room_a, nemelex_lonely_heart_becter,
          nicolae_trove_entry_diagonal
Temple:   nicolae_temple_bog_church
Lair:1:   layout_cave_pods
Lair:2:   layout_roguey [special_room_bee], minmay_snake_entry_guardpost_small,
          serial_bayou, serial_bayou_crossing, serial_bayou_pond_a,
          serial_bayou_pond_d, serial_bayou_lake_a, serial_bayou_pond_e,
          lemuel_oklob_altar, lemuel_fruit_fields
Lair:3:   statuecave_lemuel, layout_chaotic_city, minmay_swamp_entry_worms,
          basic_altar
Lair:4:   layout_regular_city, enter_volcano_2, chequers_serial_rivers_room_a,
          chequers_serial_rivers_small_a, bobbens_dragon_lair_wall,
          uniq_josephine
Lair:5:   wormcave, layout_gridlike, minmay_slime_entry_oklob_enclosed,
          grunt_megastairs_5

Skill      XL: |  1  2  3  4  5  6  7  8  9 10 11 12 13 14 |
---------------+-------------------------------------------+-----
Unarmed Combat | 4 5 6 7 9 10 12 14 15 17 18 | 18.0
Dodging        | 1 2 |  2.3
Fighting       | 3 4 5 6 7 |  7.7
Shields        | 3 8 9 10 11 | 11.6
Throwing       | 2 5 6 7 |  7.0
Armour         | 1 2 4 |  4.0
Invocations    | 4 5 |  5.2
Spellcasting   | |  1.0
Fire Magic     | |  2.1

Action                   |  1- 3 |  4- 6 |  7- 9 | 10-12 | 13-15 || total
-------------------------+-------+-------+-------+-------+-------++-------
Melee: Unarmed           |   141 |    90 |   188 |   419 |   524 ||  1362
       Punch             |       |     3 |     3 |       |       ||     6
Throw: Boomerang         |       |       |     4 |    47 |    15 ||    66
       Large rock        |       |       |       |    51 |    67 ||   118
Invok: Fiery Armour      |       |       |     5 |     6 |     2 ||    13
       Heroism           |       |       |       |       |    22 ||    22
  Use: Scroll            |    10 |     5 |     5 |     5 |     9 ||    34
       Potion            |     1 |     3 |     1 |     4 |     3 ||    12
Armor: Robe              |    40 |    17 |    62 |     8 |       ||   127
       Skin              |       |       |       |    13 |       ||    13
       Troll leather arm |       |       |       |    91 |    19 ||   110
       Fire dragon scale |       |       |       |       |   167 ||   167
Dodge: Dodged            |    59 |    27 |   113 |   171 |   188 ||   558
Block: Kite shield       |       |       |    44 |   166 |   198 ||   408

Table legend:
 A = Non-vault XP
 B = Vault XP
 C = Vault XP percentage of total XP
 D = Non-vault monster count
 E = Vault monster count
 F = Vault count percentage of total count
                 A         B        C        D         E       F
            +---------+---------+-------+---------+---------+-------
      Total |   60990 |   24647 |  28.8 |     363 |     120 |  24.8
            +---------+---------+-------+---------+---------+-------
        D:1 |      40 |       4 |   9.1 |      22 |       2 |   8.3
        D:2 |      45 |       0 |   0.0 |      13 |       0 |   0.0
        D:3 |     175 |      36 |  17.1 |      21 |       1 |   4.5
        D:4 |     349 |       0 |   0.0 |      17 |       0 |   0.0
        D:5 |     451 |     648 |  59.0 |      10 |       3 |  23.1
        D:6 |     656 |       0 |   0.0 |      10 |       0 |   0.0
        D:7 |     862 |      35 |   3.9 |      24 |       1 |   4.0
        D:8 |    2698 |       0 |   0.0 |      23 |       0 |   0.0
        D:9 |    3667 |    2170 |  37.2 |      26 |       8 |  23.5
       D:10 |    2400 |    1194 |  33.2 |      26 |       2 |   7.1
       D:11 |    4222 |       0 |   0.0 |      15 |       0 |   0.0
       D:12 |    6533 |     635 |   8.9 |      27 |      15 |  35.7
       D:13 |    7756 |       0 |   0.0 |      19 |       0 |   0.0
       D:14 |    5136 |    7368 |  58.9 |      12 |      30 |  71.4
     Lair:1 |    1934 |       0 |   0.0 |      12 |       0 |   0.0
     Lair:2 |    4610 |    2886 |  38.5 |      25 |      30 |  54.5
     Lair:3 |    3732 |     459 |  11.0 |      16 |       2 |  11.1
     Lair:4 |   10262 |    7290 |  41.5 |      33 |      22 |  40.0
     Lair:5 |    5462 |    1922 |  26.0 |      12 |       4 |  25.0
            +---------+---------+-------+---------+---------+-------
